 Dungeon Crawl Stone Soup version 0.21.1-1-g345015f (webtiles) character file.

494 pstr the Digger (level 7, -6/56 HPs)
             Began as a Naga Earth Elementalist on Feb 21, 2018.
             Was an Initiate of Vehumet.
             Mangled by a wraith (9 damage)
             ... in an ossuary.
             The game lasted 00:14:18 (7183 turns).

pstr the Digger (Naga Earth Elementalist)           Turns: 7183, Time: 00:14:19

Health: -6/56      AC:  7    Str: 10 (13) XL:     7   Next: 15%
Magic:  1/14       EV: 15    Int: 17 (18) God:    Vehumet [......]
Gold:   291        SH:  0    Dex: 14 (16) Spells: 6/15 levels left

rFire    + . .     SeeInvis +   i - +0 spear
rCold    . . .     Gourm    .   (no shield)
rNeg     . . .     Faith    .   l - +0 leather armour
rPois    +         Spirit   .   u - +1 helmet
rElec    .         Reflect  .   (no cloak)
rCorr    +         Harm     .   x - +1 pair of gloves {Str+3}
MR       .....                  (no barding)
Stlth    +++.......             f - amulet of inaccuracy (curse)
HPRegen  0.18/turn              w - ring of resist corrosion
MPRegen  0.14/turn              z - ring of protection from fire

@: agile, flying, very slightly contaminated, hasted and slowed, invisible, very
slow
A: large, see invisible, deformed body, poison resistance, slowness 2, slow
metabolism 1, spit poison 1, AC +2
a: Spit Poison, Renounce Religion


You were in an ossuary.
You worshipped Vehumet.
Vehumet was noncommittal.
You were near starving.

You visited 1 branch of the dungeon, and saw 6 of its levels.
You also visited: Ossuary.

You collected 291 gold pieces.

Inventory:

Hand Weapons
 i - a +0 spear (weapon)
Missiles
 b - 179 stones (quivered)
 k - 77 arrows
Armour
 c - a +0 robe
 l - a +0 leather armour (worn)
 t - a +0 animal skin
 u - a +1 helmet (worn)
 x - a +1 pair of gloves of strength (worn)
Jewellery
 f - a cursed amulet of inaccuracy (around neck)
 v - a cursed amulet of inaccuracy
 w - a ring of resist corrosion (left hand)
 z - a ring of protection from fire (right hand)
 C - an uncursed amulet of the gourmand
Wands
 A - a wand of random effects (13)
Scrolls
 a - a scroll of immolation {unknown}
 g - 3 scrolls of fear {unknown}
 h - 3 scrolls of magic mapping {unknown}
 n - 7 scrolls of identify
 o - 4 scrolls of teleportation {unknown}
 p - a scroll of fog {unknown}
 s - 5 scrolls of remove curse
 y - a scroll of random uselessness {unknown}
 B - a scroll of amnesia {unknown}
 H - a scroll of enchant weapon {unknown}
Potions
 j - a potion of agility
 m - a potion of flight
 r - 2 potions of haste
 G - a potion of magic {unknown}
Books
 e - a book of Geomancy

   Spells                             Type                      Level
   a - Sandblast                      Earth                        1
   b - Passwall                       Transmutation/Earth          2
   c - Stone Arrow                    Conjuration/Earth            3
   d - Petrify                        Transmutation/Earth          4
   e - Lee's Rapid Deconstruction     Earth                        5
 E - a book of Flames

   Spells                             Type                      Level
   a - Flame Tongue                   Conjuration/Fire             1
   b - Throw Flame                    Conjuration/Fire             2
   c - Conjure Flame                  Conjuration/Fire             3
   d - Inner Flame                    Hexes/Fire                   3
   e - Sticky Flame                   Conjuration/Fire             4
   f - Fireball                       Conjuration/Fire             5
Comestibles
 d - 8 rations


   Skills:
 + Level 0.5 Fighting
 + Level 2.3 Dodging
 + Level 3.8 Stealth
 + Level 4.8 Spellcasting
 + Level 1.5 Conjurations
   Level 1.0 Transmutations
 + Level 5.1 Earth Magic


You had 6 spell levels left.
You knew the following spells:

 Your Spells              Type           Power        Failure   Level  Hunger
a - Sandblast             Erth           ###...       2%          1    None
b - Stone Arrow           Conj/Erth      ###...       16%         3    ###....
c - Lee's Rapid Deconstr  Erth           ###.......   54%         5    ######.


Dungeon Overview and Level Annotations

Branches:
Dungeon (6/15)
 Temple: D:4-7

Altars:
Hepliaklqana
Vehumet
Zin
The Shining One


Innate Abilities, Weirdness & Mutations

You cannot wear boots.
Your serpentine skin is tough. (AC +2)
You have supernaturally acute eyesight. (SInv)
Armour fits poorly on your strangely shaped body.
Your system is resistant to poisons. (rPois)
You cover ground very slowly.
You have a slow metabolism.
You can spit poison.


Message History

The wraith drains your vigour!
You feel as though you will be slow longer.
It was a potion of degeneration.
There was something very wrong with that liquid.
You feel weakened.
You feel dopey.
You feel clumsy. The wraith closely misses you.
It was a potion of invisibility.
You fade into invisibility!
The wraith hits you but does no damage.
You are very lightly contaminated with residual magic.
Casting: Sandblast
Confirm with . or Enter, or press ? or * to list all spells.
Aiming: Stone Arrow
Press: ? - help, Shift-Dir - straight line, f/p - wraith
Aim: a wraith (severely damaged)
The stone arrow hits the wraith.
The wraith is severely damaged.
The wraith barely misses you. The wraith hits you!
You die...

....#####'#####..
.................
.................
########'''######
####...####
#..'...'..#
#..#...#..#
####.W.#### #.@.#
#...# #...# #...#
#...# ##'''##
##.....##
####.......####
#W▓...∩.∩...▓W#


You could see a wraith.

Vanquished Creatures
  A phantom (D:5)
  A crimson imp (D:5)
  A hound (D:6)
  A bullfrog skeleton (D:5)
  An iguana (D:4)
  An orc wizard (D:3)
  2 hound skeletons
  A mummy (Ossuary)
  A howler monkey zombie (D:3)
  Robin (D:3)
  8 adders
  A shadow imp (D:5)
  An ooze (D:2)
  3 worms
  3 dart slugs
  2 leopard geckos
  9 orcs
  11 bats
  12 giant cockroaches
  6 hobgoblins
  4 kobolds
  6 frilled lizards
  2 gnoll skeletons (Ossuary)
  14 goblins
  A goblin zombie (D:6)
  A kobold skeleton (Ossuary)
  6 orc skeletons (Ossuary)
  A quokka skeleton (D:4)
  2 rats
104 creatures vanquished.

Notes
Turn   | Place    | Note
-------+----------+-------------------------------------------
     0 | D:1      | pstr the Naga Earth Elementalist began the quest for the Orb.
     0 | D:1      | Reached XP level 1. HP: 15/15 MP: 3/3
   163 | D:1      | Reached XP level 2. HP: 6/22 MP: 0/5
  1189 | D:1      | Reached XP level 3. HP: 28/28 MP: 4/6
  1194 | D:1      | Learned a level 3 spell: Stone Arrow
  1823 | D:2      | Reached XP level 4. HP: 25/36 MP: 0/8
  2918 | D:3      | Reached XP level 5. HP: 42/42 MP: 4/10
  2984 | D:3      | Noticed Robin
  2994 | D:3      | Killed Robin
  2994 | D:3      | Reached skill level 4 in Earth Magic
  4634 | D:4      | Reached skill level 1 in Conjurations
  4634 | D:4      | Reached XP level 6. HP: 49/49 MP: 2/12
  5582 | D:4      | Found a glowing golden altar of the Shining One.
  5603 | D:5      | Entered Level 5 of the Dungeon
  5723 | D:5      | Found a glowing silver altar of Zin.
  5728 | D:5      | Found a hazy altar of Hepliaklqana.
  5729 | D:5      | Found a radiant altar of Vehumet.
  5734 | D:5      | Became a worshipper of Vehumet
  5803 | D:5      | Noticed a phantom
  5824 | D:5      | Killed a phantom
  5824 | D:5      | Reached skill level 5 in Earth Magic
  6257 | D:5      | Reached XP level 7. HP: 56/56 MP: 3/14
  6597 | D:5      | Learned a level 5 spell: Lee's Rapid Deconstruction
  6795 | D:6      | Found a sand-covered staircase.
  6803 | Ossuary  | Entered an ossuary
  6803 | Ossuary  | Noticed a wraith
  6803 | Ossuary  | Noticed a wraith
  6803 | Ossuary  | Noticed a wraith
  7127 | Ossuary  | Noticed a wraith
  7178 | Ossuary  | HP: 2/56 [wraith (6)]
  7183 | Ossuary  | Mangled by a wraith

Skill      XL: |  1  2  3  4  5  6 |
---------------+-------------------+-----
Dodging        | 2 |  2.3
Spellcasting   | 3 4 |  4.8
Earth Magic    | 4 5 |  5.1
Conjurations   | 1 |  1.5
Fighting       | |  0.5
Stealth        | |  3.8
Transmutations | |  1.0

Action                   |  1- 3 |  4- 6 |  7- 9 || total
-------------------------+-------+-------+-------++-------
Melee: Spear             |     4 |    17 |     2 ||    23
 Cast: Sandblast         |    42 |    55 |    15 ||   112
       Stone Arrow       |       |    53 |    18 ||    71
 Abil: Spit Poison       |     6 |     8 |     2 ||    16
  Use: Potion            |       |     2 |     7 ||     9
       Scroll            |       |     2 |       ||     2
  Eat: Chunk             |     2 |    16 |     3 ||    21
Armor: Robe              |    10 |    23 |       ||    33
       Leather armour    |       |       |    10 ||    10
Dodge: Dodged            |    27 |    28 |    23 ||    78
